 Dungeon Crawl Stone Soup version 0.28.0-45-g0d030f2227 (webtiles) character file.

Game seed: 5908296514056742551

116 protoss039 the Magician (level 4, -1/24 HPs)
             Began as a Deep Elf Air Elementalist on Apr 1, 2022.
             Slain by an orc wizard
             ... wielding a +2 dagger of venom
              (3 damage)
             ... on level 3 of the Dungeon.
             The game lasted 00:03:39 (3013 turns).

protoss039 the Magician (Deep Elf Air Elementalist) Turns: 3013, Time: 00:03:40

Health: -1/24      AC:  7    Str:  5    XL:     4   Next: 70%
Magic:  7/12       EV: 13    Int: 22    God:
Gold:   92         SH:  0    Dex: 15    Spells: 1/11 levels left

rFire   . . .      SeeInvis .   d - +0 dagger
rCold   . . .      Faith    .   (no shield)
rNeg    . . .      Spirit   .   a - +0 robe
rPois   .          Reflect  .   (no helmet)
rElec   .          Harm     .   (no cloak)
rCorr   .          Rampage  .   (no gloves)
Will    .....                   b - +0 pair of boots
Stlth   ++........              (no amulet)
HPRegen 0.08/turn               f - +4 ring of slaying
MPRegen 0.13/turn               k - +4 ring of protection

@: lethally poisoned (-1 -> -10), attractive
A: no striking features
a: no special abilities


You were on level 3 of the Dungeon.
You visited 1 branch of the dungeon, and saw 3 of its levels.

You collected 92 gold pieces.

Inventory:

Hand Weapons
 d - a +0 dagger (weapon)
Armour
 a - a +0 robe (worn)
 b - a +0 pair of boots (worn)
Jewellery
 f - a +4 ring of slaying (left hand)
 k - a +4 ring of protection (right hand)
Scrolls
 c - a scroll of enchant armour {unknown}
 e - a scroll of teleportation {unknown}
 g - a scroll of fear {unknown}
Potions
 h - a potion of attraction
 i - a potion of mutation {unknown}
 j - a potion of flight {unknown}
 l - a potion of berserk rage {unknown}


   Skills:
 - Level 3.0 Dodging
 - Level 3.0 Stealth
 + Level 4.3 Spellcasting
 + Level 2.4 Conjurations
 + Level 4.0 Air Magic


You had one spell level left.
You knew the following spells:

 Your Spells              Type           Power      Damage    Failure   Level
a - Shock                 Conj/Air       72%        1d7       3%          1
b - Static Discharge      Conj/Air       18%        N/A       4%          2
c - Swiftness             Air            22%        N/A       6%          3
d - Airstrike             Air            11%        N/A       21%         4

Your spell library contained the following spells:

 Spells                   Type           Power      Damage    Failure   Level
 Foxfire                  Conj/Fire      40%        2x1d6     7%          1
 Conjure Flame            Conj/Fire      10%        6-21      21%         3
 Inner Flame              Hex/Fire       4%         N/A       32%         3
 Flame Wave               Conj/Fire      10%        2d5       54%         4
 Dispersal                Tloc           2%         N/A       100%        6
 Disjunction              Tloc           2%         N/A       100%        8


Dungeon Overview and Level Annotations

Branches:
Dungeon (3/15)

Altars:


Message History

The goblin completely misses you. The orc completely misses you.
The orc wizard hits you with a +2 dagger of venom.
You are poisoned.
Unknown command.
Casting: Static Discharge (safe; 4% risk of failure)
Confirm with . or Enter, or press ? or * to list all spells.
The orc wizard is struck by an arc of lightning.
The orc wizard is moderately wounded.
The orc is struck by an arc of lightning.
You kill the orc!
You are struck by an arc of lightning.
The lightning grounds out.
You feel very sick. The goblin hits you but does no damage.
The orc wizard hits you with a +2 dagger of venom.
You are lethally poisoned!
You are too injured to fight recklessly!
Unknown command.
Unknown command.
You are too injured to fight recklessly!
Unknown command.
Casting: Static Discharge (safe; 4% risk of failure)
Confirm with . or Enter, or press ? or * to list all spells.
The goblin is struck by an arc of lightning!
You kill the goblin!
The lightning grounds out.
The orc wizard is struck by an arc of lightning.
The orc wizard is heavily wounded.
You are struck by an arc of lightning.
The lightning grounds out.
* * * LOW HITPOINT WARNING * * *
You feel very sick.
The orc wizard hits you with a +2 dagger of venom.
* * * LOW HITPOINT WARNING * * *
Unknown command.
Unknown command.
It was a potion of attraction.
You feel attractive to monsters.
* * * LOW HITPOINT WARNING * * *
You feel very sick.
The orc wizard hits you with a +2 dagger of venom.
You die...

#.#...###..###...#.#
#.#.#..........#.. #
#.#.#..........#.# #
#.#...###..###....
###.#....## #..# #
... ........## #
#.#.....##
#...###)†##..##
###....@o......
#.##)######## #. #.
.. #. .. .#


You could see an orc wizard.

Vanquished Creatures
  5 adders (D:2)
  2 dart slugs
  3 orcs (D:3)
  8 bats
  7 endoplasms
  A giant cockroach (D:2)
  4 goblins
  5 hobgoblins
  4 jackals (D:2)
  2 kobolds
  3 quokkas
  10 ball pythons
  3 frilled lizards
  4 rats
61 creatures vanquished.

Notes
Turn   | Place    | Note
-------+----------+-------------------------------------------
     0 | D:1      | protoss039 the Deep Elf Air Elementalist began the quest
                  | for the Orb.
     0 | D:1      | Reached XP level 1. HP: 10/10 MP: 6/6
   369 | D:1      | Reached XP level 2. HP: 15/15 MP: 6/8
  1085 | D:1      | Learned a level 2 spell: Static Discharge
  1142 | D:2      | Reached XP level 3. HP: 13/19 MP: 6/9
  1895 | D:2      | Reached XP level 4. HP: 15/24 MP: 8/11
  2685 | D:2      | Found a faded altar of an unknown god.
  2745 | D:2      | Learned a level 3 spell: Swiftness
  2750 | D:2      | Learned a level 4 spell: Airstrike
  3013 | D:3      | Slain by an orc wizard

Illustrated notes

Levels and vault maps discovered:
D:1:      elethiomel_arrival_shortcut, layout_basic
D:2:      layout_loops_cross, shapermc_ecumenical_altar_acropolis
D:3:      layout_basic, chequers_arboretum, palyth_stone_intersect

Skill      XL: |  1  2  3  4 |
---------------+-------------+-----
Stealth        | 3 |  3.0
Dodging        | 3 |  3.0
Conjurations   | 2 |  2.4
Spellcasting   | 4 |  4.3
Air Magic      | 4 |  4.0

Action                   |  1- 3 |  4- 6 || total
-------------------------+-------+-------++-------
Melee: Unarmed           |     7 |       ||     7
       Mace              |    15 |       ||    15
       Dagger            |    18 |    45 ||    63
 Cast: Shock             |    51 |     5 ||    56
       Static Discharge  |    11 |    15 ||    26
  Use: Potion            |       |     1 ||     1
 Stab: Sleeping          |     4 |     4 ||     8
Armor: Robe              |    15 |    12 ||    27
Dodge: Dodged            |    45 |    32 ||    77
